 Dungeon Crawl Stone Soup version 0.27-a0-1191-g601b473118 (webtiles) character file.

Game seed: 7355217421803412070

2 avis the Grave Robber (level 1, 10/10 HPs)
             Began as a Deep Elf Necromancer on May 23, 2021.
             Got out of the dungeon alive.
             The game lasted 00:01:47 (67 turns).

avis the Grave Robber (Deep Elf Necromancer)          Turns: 67, Time: 00:01:48

Health: 10/10      AC:  2    Str:  5    XL:     1   Next: 25%
Magic:  6/6        EV: 12    Int: 19    God:
Gold:   0          SH:  0    Dex: 15    Spells: 5/6 levels left

rFire    . . .     SeeInvis .   (no weapon)
rCold    . . .     Faith    .   (no shield)
rNeg     . . .     Spirit   .   a - +0 robe
rPois    .         Reflect  .   (no helmet)
rElec    .         Harm     .   (no cloak)
rCorr    .         Rampage  .   (no gloves)
Will     .....                  (no boots)
Stlth    ++........             (no amulet)
HPRegen  0.03/turn              (no ring)
MPRegen  0.10/turn              (no ring)

@: no status effects
A: no striking features
a: no special abilities


You escaped.
You visited 1 branch of the dungeon, and saw 1 of its levels.

Inventory:

Missiles
 b - 21 stones
 c - 11 sling bullets
Armour
 a - a +0 robe (worn)
Scrolls
 d - a scroll of vulnerability {unknown}


   Skills:
 + Level 2.4 Dodging
 + Level 2.4 Stealth
 - Level 3.0 Spellcasting
 * Level 4.9 Necromancy


You had 5 spell levels left.
You knew the following spells:

 Your Spells              Type           Power      Damage    Failure   Level
a - Pain                  Necr           84%        1d8       1%          1

Your spell library contained the following spells:

 Spells                   Type           Power      Damage    Failure   Level
 Animate Skeleton         Necr           42%        N/A       1%          1
 Vampiric Draining        Necr           10%        2d7       6%          3
 Animate Dead             Necr           10%        N/A       21%         4
 Agony                    Necr           21%        N/A       50%         5


Dungeon Overview and Level Annotations

Branches:
Dungeon (1/15)

Altars:


Message History

Welcome, avis the Deep Elf Necromancer.
Will you be the one to retrieve the fabulous Orb of Zot from the depths?
Press ? for a list of commands and other information.
Found 21 stones and 11 sling bullets.
Found a staircase leading out of the dungeon.
You see here 21 stones.
b - 21 stones
Found a scroll labelled YNUSCH EM DELLU.
A bat comes into view.
You see here 11 sling bullets.
c - 11 sling bullets
Casting: Pain (safe; 1% risk of failure)
Confirm with . or Enter, or press ? or * to list all spells.
Aiming: Pain (safe; 1% risk of failure)
Press: ? - help, Shift-Dir - straight line, f - bat
Aim: a bat (asleep, chance to affect: 91%)
The bat writhes in agony!
You kill the bat!
d - a scroll labelled YNUSCH EM DELLU You start resting.
Magic restored.
HP restored.
As you open the door, it creaks loudly!
A frilled lizard and a goblin come into view.
There is an open door here.
Casting: Pain (safe; 1% risk of failure)
Confirm with . or Enter, or press ? or * to list all spells.
Aiming: Pain (safe; 1% risk of failure)
Press: ? - help, Shift-Dir - straight line, f - frilled lizard
Aim: a frilled lizard (chance to affect: 91%)
The frilled lizard writhes in agony.
You kill the frilled lizard!
Found 11 gold pieces.
There is a staircase leading out of the dungeon here.
Are you sure you want to leave the Dungeon?
This will make you lose the game!
You have escaped!

... .. .. ... .#.. . ..
..#. ..#.. . .#..#.. #.
. ...#.#.#.#.#...
#####....# ..#.#.#.#.. #
....#... ..##.#...#.##..
....#... ....#.....#....
....#..######...@...#
....#........#.....#....
....#......##.#...#.# .
....#....##..#.#.#.#..
....#...#...#.#.#.#.#...
...........#..#.#.#..#..
#.........#..#.g#.. ..#.
#........#...#..#..#...#
#...........#...#... ...


You could see a goblin.

Vanquished Creatures
  A bat (D:1)
  A frilled lizard (D:1)
2 creatures vanquished.

Notes
Turn   | Place    | Note
-------+----------+-------------------------------------------
     0 | D:1      | avis the Deep Elf Necromancer began the quest for the Orb.
     0 | D:1      | Reached XP level 1. HP: 10/10 MP: 6/6
    67 | D:$      | Got out of the dungeon alive.

Illustrated notes

Levels and vault maps discovered:
D:1:      minmay_arrival_radiant_lines, layout_basic

Action                   || total
-------------------------++-------
 Cast: Pain              ||     2

Table legend: (Time is in decaauts)
 A = Elapsed time spent in this place.
 B = Non-inter-level travel time spent in this place.
 C = Inter-level travel time spent in this place.
 D = Time resting spent in this place.
 E = Time spent auto-exploring this place.
 F = Levels seen in this place.
 G = Mean time per level.
                   A        B        C        D        E       F      G
               +--------+--------+--------+--------+--------+-----+--------+
         Total |     67 |     67 |      0 |      4 |     29 |   1 |   67.0 |
       Dungeon |     67 |     67 |      0 |      4 |     29 |   1 |   67.0 |
               +--------+--------+--------+--------+--------+-----+--------+

Top non-repeatable levels by time:
     D:1: 67 daAuts
